 Dungeon Crawl Stone Soup version 0.31-a0-981-geadf994542 (webtiles) character file.

Game seed: 12998601032446380261

60 CowFu the Cudgeller (level 4, -7/38 HPs)
             Began as a Gnoll Reaver on Nov 1, 2023.
             Was a Follower of Qazlal.
             Mangled by a sleepcap (8 damage)
             ... on level 3 of the Dungeon.
             The game lasted 00:02:46 (2032 turns).

CowFu the Cudgeller (Gnoll Reaver)                  Turns: 2032, Time: 00:02:47

Health: -7/38      AC:  3    Str: 19    XL:     4   Next: 4%
Magic:  11/11      EV: 11    Int: 13    God:    Qazlal [*.....]
Gold:   95         SH:  9    Dex: 10    Spells: 12/13 levels left

rFire   . . .        a - +0 mace
rCold   . . .        f - +0 kite shield
rNeg    . . .        b - +0 leather armour
rPois   .            (no helmet)
rElec   .            (no cloak)
rCorr   .            (no gloves)
SInv    .            (no boots)
Will    .....        (no amulet)
Stlth   +            i - ring of wizardry
HPRegen 0.26/turn    c - +6 ring of strength
MPRegen 0.12/turn

%: wizardry (x1)
@: no status effects
A: fangs 1, strong nose, distributed training
a: Renounce Religion


You were on level 3 of the Dungeon.
You worshipped Qazlal.
Qazlal was aware of your devotion.
You visited 1 branch of the dungeon, and saw 3 of its levels.

You collected 95 gold pieces.

Inventory:

Hand Weapons
 a - a +0 mace (weapon)
Armour
 b - a +0 leather armour (worn)
 f - a +0 kite shield (worn)
Jewellery
 c - a +6 ring of strength (right hand)
 i - a ring of wizardry (left hand)
Scrolls
 d - 2 scrolls of revelation
 e - a scroll of poison {unknown}
 h - 5 scrolls of identify
 j - a scroll of fear {unknown}
 k - a scroll of blinking {unknown}
 n - a scroll of torment {unknown}
 p - a scroll of teleportation {unknown}
Potions
 l - a potion of magic {unknown}
 m - 2 potions of degeneration {unknown}
 o - a potion of heal wounds {unknown}


   Skills:
 + Level 4.6 Fighting
 + Level 1.0 Short Blades
 + Level 1.0 Long Blades
 + Level 1.0 Axes
 + Level 6.6 Maces & Flails
 + Level 1.0 Polearms
 + Level 1.0 Staves
 + Level 1.0 Ranged Weapons
 + Level 1.0 Throwing
 + Level 1.0 Armour
 + Level 4.6 Dodging
 + Level 1.0 Stealth
 + Level 1.0 Shields
 + Level 1.0 Unarmed Combat
 + Level 5.0 Spellcasting
 + Level 5.4 Conjurations
 + Level 0.8 Hexes
 + Level 0.8 Summonings
 + Level 0.8 Necromancy
 + Level 0.8 Translocations
 + Level 0.8 Transmutations
 + Level 0.8 Fire Magic
 + Level 0.8 Ice Magic
 + Level 0.8 Air Magic
 + Level 0.8 Earth Magic
 + Level 0.8 Poison Magic
 + Level 1.1 Invocations
 + Level 1.0 Evocations
 + Level 1.0 Shapeshifting


You had 12 spell levels left.
You knew the following spells:

 Your Spells              Type           Power      Damage    Failure   Level
a - Kiss of Death         Conj/Necr      44%        2d8       7%          1

Your spell library contained the following spells:

 Spells                   Type           Power      Damage    Failure   Level
 Momentum Strike          Conj/Tloc      22%        3d8       11%         2
 Hailstorm                Conj/Ice       11%        3d5       21%         3


Dungeon Overview and Level Annotations

Branches:
Dungeon (3/15)

Altars:
Qazlal


Innate Abilities, Weirdness & Mutations

You have very sharp teeth.
Your uncanny sense of smell can sniff out nearby items.
Your experience applies equally to all skills.


Message History

You hit the orc.
You kill the orc!
Qazlal accepts your kill. The orc barely misses you.
The orc attacks as it pursues you! The orc misses you.
The orc attacks as it pursues you! The orc closely misses you.
The orc attacks as it pursues you!
The orc hits you from afar with a +0 trident!
* * * LOW HITPOINT WARNING * * *
As you read the scroll labelled RUEBRI LONGIS, it crumbles to dust.
It is a scroll of identify.
g - a potion of curing You block the orc's attack.
You feel better. You block the orc's attack.
The orc roars repeatedly.
The orc misses you.
You sock the orc!
You kill the orc!
Qazlal accepts your kill.
You have reached level 4!
You feel clever.
You hit the goblin.
You kill the goblin!
Qazlal accepts your kill.
Your Shapeshifting skill increases to level 1!
You sock the sleepcap!
The sleepcap is moderately damaged.
You block the sleepcap's attack.
You hit the sleepcap but do no damage. You bite the sleepcap.
The sleepcap is moderately damaged.
The sleepcap releases spores at you.
You are engulfed in a cloud of soporific spores!
You fall asleep.
The sleepcap releases spores at you!
You wake up.
* * * LOW HITPOINT WARNING * * *
You hit the sleepcap.
You bite the sleepcap, but do no damage.
The sleepcap is heavily damaged.
The sleepcap releases spores at you!
You die...

###**##.###############.####
*******##.############ #.#
*,,,,,,...############ #.#
,,,****############### #.# ,,,*
#.# ,,,**** #.# ,,,,,,*
####.#######
,,,,..################...........
,,,,......)....f@...##.#.###...##
,,,*##.####)#######.##.#.# #...#
,,,***,,**#..* #.#.#..###...##
,,>****,**##.# #..###.........
*,*****,*###.# #.## #.........
*,*****,**##.# ##.###.........
*,,****,**##.# ##.#..###...##
**,,,,,,,,...# ##.#.# #...#
******,****,* #.#.#*#...#*


You could see a sleepcap.

Vanquished Creatures
  An adder (D:2)
  A worm (D:2)
  3 orcs (D:3)
  3 ball pythons
  6 bats
  5 endoplasms
  2 giant cockroaches (D:1)
  5 goblins
  2 hobgoblins
  3 kobolds
  A quokka (D:3)
  5 frilled lizards
  5 rats
42 creatures vanquished.

Notes
Turn   | Place    | Note
-------+----------+-------------------------------------------
     0 | D:1      | CowFu the Gnoll Reaver began the quest for the Orb.
     0 | D:1      | Reached XP level 1. HP: 20/20 MP: 6/6
   229 | D:1      | Reached XP level 2. HP: 23/25 MP: 7/7
   974 | D:2      | Reached XP level 3. HP: 26/31 MP: 9/9
  1030 | D:2      | Reached skill level 5 in Spellcasting
  1087 | D:2      | Found a faded altar of an unknown god.
  1112 | D:2      | Prayed at the altar of an unknown god.
  1112 | D:2      | Became a worshipper of Qazlal Stormbringer
  1112 | D:2      | Reached * piety under Qazlal
  1220 | D:2      | Reached skill level 1 in Invocations
  1762 | D:3      | Reached skill level 1 in Short Blades
  1762 | D:3      | Reached skill level 1 in Long Blades
  1762 | D:3      | Reached skill level 1 in Axes
  1762 | D:3      | Reached skill level 1 in Polearms
  1762 | D:3      | Reached skill level 1 in Staves
  1762 | D:3      | Reached skill level 1 in Ranged Weapons
  1762 | D:3      | Reached skill level 1 in Throwing
  1762 | D:3      | Reached skill level 1 in Armour
  1762 | D:3      | Reached skill level 1 in Stealth
  1762 | D:3      | Reached skill level 1 in Shields
  1762 | D:3      | Reached skill level 1 in Unarmed Combat
  1762 | D:3      | Reached skill level 1 in Evocations
  2029 | D:3      | Reached XP level 4. HP: 16/38 MP: 11/11
  2030 | D:3      | Reached skill level 1 in Shapeshifting
  2031 | D:3      | HP: 1/38 [sleepcap (14)]
  2032 | D:3      | Mangled by a sleepcap

Illustrated notes

Levels and vault maps discovered:
D:1:      minmay_arrival_radiant_lines, layout_basic
D:2:      layout_rooms, basic_ecumenical_altar
D:3:      layout_loops_ring, nicolae_qazlal_style_of_elements,
          minmay_misc_feat_cross, reono_crystal_passage

Skill      XL: |  1  2  3  4 |
---------------+-------------+-----
Spellcasting   | 5 |  5.0
Invocations    | 1 |  1.1
Short Blades   | 1 |  1.0
Long Blades    | 1 |  1.0
Axes           | 1 |  1.0
Polearms       | 1 |  1.0
Staves         | 1 |  1.0
Ranged Weapons | 1 |  1.0
Throwing       | 1 |  1.0
Armour         | 1 |  1.0
Stealth        | 1 |  1.0
Shields        | 1 |  1.0
Unarmed Combat | 1 |  1.0
Evocations     | 1 |  1.0
Shapeshifting  | 1 |  1.0
Fighting       | |  4.6
Maces & Flails | |  6.6
Dodging        | |  4.6
Conjurations   | |  5.4
Hexes          | |  0.8
Summonings     | |  0.8
Necromancy     | |  0.8
Translocations | |  0.8
Transmutations | |  0.8
Fire Magic     | |  0.8
Ice Magic      | |  0.8
Air Magic      | |  0.8
Earth Magic    | |  0.8
Poison Magic   | |  0.8

Action                     |  1- 3 |  4- 6 || total
---------------------------+-------+-------++-------
  Melee: Mace              |    98 |     4 ||   102
         Bite              |     7 |     2 ||     9
   Cast: Kiss of Death     |     1 |       ||     1
    Use: Scroll            |     3 |       ||     3
         Potion            |     1 |       ||     1
   Stab: Sleeping          |     2 |       ||     2
 Armour: Leather armour    |    49 |     3 ||    52
  Dodge: Dodged            |    49 |       ||    49
  Block: Kite shield       |    32 |     1 ||    33

Table legend: (Time is in decaauts)
 A = Elapsed time spent in this place.
 B = Non-inter-level travel time spent in this place.
 C = Inter-level travel time spent in this place.
 D = Time resting spent in this place.
 E = Time spent auto-exploring this place.
 F = Levels seen in this place.
 G = Mean time per level.
                   A        B        C        D        E       F      G
               +--------+--------+--------+--------+--------+-----+--------+
         Total |   2051 |   1969 |     82 |      0 |   1623 |   3 |  683.7 |
       Dungeon |   2051 |   1969 |     82 |      0 |   1623 |   3 |  683.7 |
               +--------+--------+--------+--------+--------+-----+--------+

Top non-repeatable levels by time:
     D:1: 924 daAuts
     D:2: 620 daAuts
     D:3: 507 daAuts
